PL
BROOKLYN DODGERS @ PHOENIX HOTSPUR
09/24/2030
 
TOP OF THE 1ST
Brooklyn Dodgers batting - Pitching for Phoenix Hotspur : LHP Wes Hamm
Pitching: LHP Wes Hamm
Batting: RHB Vincent Crane 0-0: Ball
1-0: Ground out 6-3 (Groundball, 6)
Batting: LHB Ki-tak Im 0-0: Called Strike
0-1: Ground out 4-3 (Groundball, 4)
Batting: LHB Manuel Carmona 0-0: Called Strike
0-1: Fly out, F8 (Flyball, 8RD)
Top of the 1st over - 0 runs, 0 hits, 0 errors, 0 left on base; Brooklyn 0 - Phoenix 0
BOTTOM OF THE 1ST
Phoenix Hotspur batting - Pitching for Brooklyn Dodgers : RHP Brian Morris
Pitching: RHP Brian Morris
Batting: LHB Francisco García 0-0: SINGLE (Groundball, 6MD)
Batting: LHB Wagaw Lukongolo 0-0: Ball
Wild Pitch!
Francisco García to second
1-0: Called Strike
1-1: Fly out, F8 (Flyball, 8RM)
Batting: LHB Shojiro Ueda 0-0: Swinging Strike
0-1: Swinging Strike
0-2: Foul Ball, location: 2F
0-2: Ball
1-2: Foul Ball, location: 2F
1-2: Ball
2-2: Foul Ball, location: 2F
2-2: Ball
3-2: SINGLE (Flyball, 8LS)
Francisco García to third
Batting: RHB Gabriel Pérez 0-0: Foul Ball, location: 2F
0-1: Fly out, F7 (Flyball, 78S)
Runner from 3rd tags up, SCORES, no throw
Batting: RHB John Downing 0-0: Called Strike
0-1: Ball
1-1: Foul Ball, location: 2F
1-2: Ball
2-2: Strikes out swinging
Bottom of the 1st over - 1 run, 2 hits, 0 errors, 1 left on base; Brooklyn 0 - Phoenix 1
TOP OF THE 2ND
Brooklyn Dodgers batting - Pitching for Phoenix Hotspur : LHP Wes Hamm
Batting: LHB Avon Barksdale 0-0: Ball
1-0: Foul Ball, location: 2F
1-1: Ball
2-1: Called Strike
2-2: Strikes out swinging
Batting: RHB Gustavo Mateo 0-0: Ball
1-0: SINGLE (Flyball, 78S)
Batting: LHB Jérôme Masson 0-0: Ball
1-0: Swinging Strike
1-1: Ball
2-1: Swinging Strike
2-2: Ball
3-2: Fielders Choice at 2nd, 4-6 (Groundball, 4)
Batting: LHB Frank Sharp 0-0: Foul Ball, location: 2F
0-1: Called Strike
0-2: Strikes out swinging
Top of the 2nd over - 0 runs, 1 hit, 0 errors, 1 left on base; Brooklyn 0 - Phoenix 1
BOTTOM OF THE 2ND
Phoenix Hotspur batting - Pitching for Brooklyn Dodgers : RHP Brian Morris
Batting: RHB Kyle Bywaters 0-0: Foul Ball, location: 2F
0-1: Called Strike
0-2: Foul Ball, location: 2F
0-2: Foul Ball, location: 2F
0-2: Foul Ball, location: 2F
0-2: Ground out 6-3 (Groundball, 6)
Batting: RHB Alex Niemann 0-0: Ball
1-0: Ball
2-0: Ball
3-0: Base on Balls
Batting: RHB Ed Sharp 0-0: Grounds into double play, 6-4-3 (Groundball, 56)
Bottom of the 2nd over - 0 runs, 0 hits, 0 errors, 0 left on base; Brooklyn 0 - Phoenix 1
TOP OF THE 3RD
Brooklyn Dodgers batting - Pitching for Phoenix Hotspur : LHP Wes Hamm
Batting: RHB Brent Ryan 0-0: Ground out 6-3 (Groundball, 6)
Batting: RHB Gerald Clark 0-0: Called Strike
0-1: Ball
1-1: DOUBLE (Line Drive, 7LD)
Batting: RHB Vincent Crane 0-0: Called Strike
0-1: Foul Ball, location: 2F
0-2: Strikes out swinging
Batting: LHB Ki-tak Im 0-0: Called Strike
0-1: Ball
1-1: Called Strike
1-2: Strikes out swinging
Top of the 3rd over - 0 runs, 1 hit, 0 errors, 1 left on base; Brooklyn 0 - Phoenix 1
BOTTOM OF THE 3RD
Phoenix Hotspur batting - Pitching for Brooklyn Dodgers : RHP Brian Morris
Batting: RHB Jesús Álvarez 0-0: Called Strike
0-1: DOUBLE (Flyball, 78D)
Batting: LHB Francisco García 0-0: Ball
1-0: Foul Ball, location: 2F
1-1: Foul Ball, location: 2F
1-2: Hit by Pitch
Batting: LHB Wagaw Lukongolo 0-0: Ball
1-0: Ball
2-0: Called Strike
2-1: Swinging Strike
2-2: Fielders Choice at 2nd, 6-4 (Groundball, 6)
Jesús Álvarez to third
Batting: LHB Shojiro Ueda 0-0: Called Strike
0-1: Ball
1-1: Ball
2-1: SINGLE (Flyball, 78S)
Jesús Álvarez scores
Wagaw Lukongolo to second
Batting: RHB Gabriel Pérez 0-0: Fly out, F7 (Flyball, 7LSF)
Batting: RHB John Downing 0-0: Foul Ball, location: 2F
0-1: Ball
1-1: Foul Ball, location: 2F
1-2: Ball
2-2: Ball
3-2: Foul Ball, location: 2F
3-2: Strikes out swinging
Bottom of the 3rd over - 1 run, 2 hits, 0 errors, 2 left on base; Brooklyn 0 - Phoenix 2
TOP OF THE 4TH
Brooklyn Dodgers batting - Pitching for Phoenix Hotspur : LHP Wes Hamm
Batting: LHB Manuel Carmona 0-0: Ball
1-0: Ball
2-0: Ball
3-0: Called Strike
3-1: SINGLE (Line Drive, 6M)
Batting: LHB Avon Barksdale 0-0: Called Strike
0-1: Called Strike
0-2: Foul Ball, location: 2F
0-2: Ball
1-2: Ground out 3-1 (Groundball, 34)
Manuel Carmona to second
Batting: RHB Gustavo Mateo 0-0: Ball
Manuel Carmona steals 3rd base
Balk!
Manuel Carmona scores
1-0: Ground out 4-3 (Groundball, 4)
Batting: LHB Jérôme Masson 0-0: Called Strike
0-1: Foul Ball, location: 2F
0-2: Ground out 3-1 (Groundball, 34S)
Top of the 4th over - 1 run, 1 hit, 0 errors, 0 left on base; Brooklyn 1 - Phoenix 2
BOTTOM OF THE 4TH
Phoenix Hotspur batting - Pitching for Brooklyn Dodgers : RHP Brian Morris
Batting: RHB Kyle Bywaters 0-0: Called Strike
0-1: Ground out 5-3 (Groundball, 56)
Batting: RHB Alex Niemann 0-0: Ground out 6-3 (Groundball, 56)
Batting: RHB Ed Sharp 0-0: Ball
1-0: Ball
2-0: Ball
3-0: Called Strike
3-1: Called Strike
3-2: Base on Balls
Batting: RHB Jesús Álvarez 0-0: Foul Ball, location: 2F
0-1: Fly out, F9 (Flyball, 9)
Bottom of the 4th over - 0 runs, 0 hits, 0 errors, 1 left on base; Brooklyn 1 - Phoenix 2
TOP OF THE 5TH
Brooklyn Dodgers batting - Pitching for Phoenix Hotspur : LHP Wes Hamm
Batting: LHB Frank Sharp 0-0: Swinging Strike
0-1: Foul Ball, location: 2F
0-2: Strikes out swinging
Batting: RHB Brent Ryan 0-0: Ball
1-0: SINGLE (Groundball, 56D)
Batting: RHB Gerald Clark 0-0: Ball
1-0: Ball
2-0: Called Strike
2-1: SINGLE (Groundball, 6D)
Brent Ryan to second
Batting: RHB Vincent Crane 0-0: Called Strike
0-1: Foul Ball, location: 2F
0-2: Foul Ball, location: 2F
0-2: Foul Ball, location: 2F
0-2: Foul Ball, location: 2F
0-2: Reached on error, E5 (Groundball, 56)
Brent Ryan to third
Gerald Clark to second
Batting: LHB Ki-tak Im 0-0: Ball
1-0: Ball
2-0: Grounds into double play, 4-6-3 (Groundball, 4)
Top of the 5th over - 0 runs, 2 hits, 1 error, 2 left on base; Brooklyn 1 - Phoenix 2
BOTTOM OF THE 5TH
Phoenix Hotspur batting - Pitching for Brooklyn Dodgers : RHP Brian Morris
Batting: LHB Francisco García 0-0: Ball
1-0: SINGLE (Groundball, 6D)
Batting: LHB Wagaw Lukongolo 0-0: Called Strike
0-1: Foul Ball, location: 2F
0-2: Ground out 4-3 (Groundball, 34D)
Francisco García to second
Batting: LHB Shojiro Ueda 0-0: Ball
1-0: Ground out 3-1 (Groundball, 34)
Francisco García to third
Batting: RHB Gabriel Pérez 0-0: Ball
1-0: Ball
2-0: Ball
3-0: DOUBLE (Groundball, 5L)
Francisco García scores
Pinch Runner at 2nd Pierre Bernard:
Batting: RHB John Downing 0-0: Ball
1-0: Foul Ball, location: 2F
1-1: Foul Ball, location: 2F
1-2: Foul Ball, location: 2F
1-2: Foul Ball, location: 2F
1-2: Strikes out swinging
Bottom of the 5th over - 1 run, 2 hits, 0 errors, 1 left on base; Brooklyn 1 - Phoenix 3
TOP OF THE 6TH
Brooklyn Dodgers batting - Pitching for Phoenix Hotspur : LHP Wes Hamm
Now in CF: Pierre Bernard
Batting: LHB Manuel Carmona 0-0: Fly out, F7 (Flyball, 7)
Batting: LHB Avon Barksdale 0-0: Foul Ball, location: 2F
0-1: Foul Ball, location: 2F
0-2: Ball
1-2: Strikes out swinging
Batting: RHB Gustavo Mateo 0-0: Ball
1-0: Ball
2-0: Ball
3-0: Base on Balls
Batting: LHB Jérôme Masson 0-0: Foul Ball, location: 2F
0-1: SINGLE (Flyball, 8RS)
Gustavo Mateo to second
Runner from 2nd tries for 3rd, SAFE, no throw
Batting: LHB Frank Sharp 0-0: Swinging Strike
0-1: Ball
1-1: Foul Ball, location: 2F
1-2: Ground out 4-3 (Groundball, 4M)
Top of the 6th over - 0 runs, 1 hit, 0 errors, 2 left on base; Brooklyn 1 - Phoenix 3
BOTTOM OF THE 6TH
Phoenix Hotspur batting - Pitching for Brooklyn Dodgers : RHP Brian Morris
Batting: RHB Kyle Bywaters 0-0: Called Strike
0-1: Ball
1-1: Called Strike
1-2: Ball
2-2: Strikes out swinging
Batting: RHB Alex Niemann 0-0: Foul Ball, location: 2F
0-1: Ball
1-1: Ball
2-1: Ball
3-1: SINGLE (Flyball, 89M)
Pitching: RHP José Alaniz
Batting: RHB Ed Sharp 0-0: Ball
1-0: Ball
2-0: Called Strike
2-1: SINGLE (Line Drive, 4MD)
Alex Niemann to second
Batting: RHB Jesús Álvarez 0-0: Ball
1-0: Called Strike
1-1: Called Strike
1-2: Strikes out swinging
Batting: LHB Francisco García 0-0: Foul Ball, location: 2F
0-1: Ball
1-1: Foul Ball, location: 2F
1-2: Ball
2-2: Fly out, F5 (Line Drive, 5)
Bottom of the 6th over - 0 runs, 2 hits, 0 errors, 2 left on base; Brooklyn 1 - Phoenix 3
TOP OF THE 7TH
Brooklyn Dodgers batting - Pitching for Phoenix Hotspur : LHP Wes Hamm
Batting: RHB Brent Ryan 0-0: Ball
1-0: Called Strike
1-1: Swinging Strike
1-2: Fly out, F6 (Popup, 6D)
Batting: RHB Gerald Clark 0-0: Swinging Strike
0-1: Ball
1-1: Ball
2-1: Ball
3-1: Foul Ball, location: 2F
3-2: Foul Ball, location: 2F
3-2: Ground out 5-3 (Groundball, 56)
Batting: RHB Vincent Crane 0-0: Ball
1-0: Ground out U3 (Groundball, 34S)
Top of the 7th over - 0 runs, 0 hits, 0 errors, 0 left on base; Brooklyn 1 - Phoenix 3
BOTTOM OF THE 7TH
Phoenix Hotspur batting - Pitching for Brooklyn Dodgers : RHP José Alaniz
Batting: LHB Wagaw Lukongolo 0-0: Ball
1-0: Ball
2-0: Called Strike
2-1: Ball
3-1: Base on Balls
Batting: LHB Shojiro Ueda 0-0: Called Strike
Wagaw Lukongolo steals 2nd base
0-1: Called Strike
0-2: Fly out, F7 (Flyball, 7)
Batting: RHB Pierre Bernard 0-0: DOUBLE (Line Drive, 89D)
Wagaw Lukongolo scores
Batting: RHB John Downing 0-0: Intentional Walk
Batting: RHB Kyle Bywaters 0-0: Ball
1-0: SINGLE (Groundball, 6MD)
Pierre Bernard to third
John Downing to second
Runner from 3rd tries for Home, SAFE, throw made home
Pitching: LHP Brandeis Vogt
Batting: RHB Alex Niemann 0-0: Called Strike
0-1: Swinging Strike
0-2: Ball
1-2: Strikes out swinging
Batting: RHB Ed Sharp 0-0: Foul Ball, location: 2F
0-1: Fly out, F8 (Line Drive, 8LD)
Bottom of the 7th over - 2 runs, 2 hits, 0 errors, 2 left on base; Brooklyn 1 - Phoenix 5
TOP OF THE 8TH
Brooklyn Dodgers batting - Pitching for Phoenix Hotspur : LHP Wes Hamm
Batting: LHB Ki-tak Im 0-0: Called Strike
0-1: Foul Ball, location: 2F
0-2: Strikes out swinging
Batting: LHB Manuel Carmona 0-0: Called Strike
0-1: Ball
1-1: Ball
2-1: Ball
3-1: Foul Ball, location: 2F
3-2: Ground out 4-3 (Groundball, 4)
Batting: LHB Avon Barksdale 0-0: Ball
1-0: Called Strike
1-1: Foul Ball, location: 2F
1-2: Strikes out swinging
Top of the 8th over - 0 runs, 0 hits, 0 errors, 0 left on base; Brooklyn 1 - Phoenix 5
BOTTOM OF THE 8TH
Phoenix Hotspur batting - Pitching for Brooklyn Dodgers : LHP Brandeis Vogt
Batting: RHB Jesús Álvarez 0-0: Ball
1-0: Ball
2-0: Called Strike
2-1: Foul Ball, location: 2F
2-2: Ball
3-2: Foul Ball, location: 2F
3-2: Strikes out looking
Batting: LHB Francisco García 0-0: Ball
1-0: Ball
2-0: Fly out, F6 (Line Drive, 6)
Batting: LHB Wagaw Lukongolo 0-0: Called Strike
0-1: Ball
1-1: Ball
2-1: Foul Ball, location: 2F
2-2: Strikes out swinging
Bottom of the 8th over - 0 runs, 0 hits, 0 errors, 0 left on base; Brooklyn 1 - Phoenix 5
TOP OF THE 9TH
Brooklyn Dodgers batting - Pitching for Phoenix Hotspur : LHP Wes Hamm
Batting: RHB Gustavo Mateo 0-0: Ball
1-0: Fly out, F8 (Flyball, 8LD)
Batting: LHB Jérôme Masson 0-0: Ground out 4-3 (Groundball, 4)
Batting: LHB Frank Sharp 0-0: Swinging Strike
0-1: Foul Ball, location: 2F
0-2: Ball
1-2: Ground out 6-3 (Groundball, 56)
Top of the 9th over - 0 runs, 0 hits, 0 errors, 0 left on base; Brooklyn 1 - Phoenix 5
Sunday, March 18th, 2018 - OOTP Baseball 18.8 Build 76